PBL
PITTSBURGH PIRATES @ ST. LOUIS CARDINALS
04/19/2071
 
TOP OF THE 1ST
Pittsburgh Pirates batting - Pitching for St. Louis Cardinals : RHP Andrés Jaramillo
Pitching: RHP Andrés Jaramillo
Batting: RHB Luis Cervantes 0-0: Called Strike
0-1: Ball
1-1: Ball
2-1: Ball
3-1: Base on Balls
Batting: LHB Kirila Naretha 0-0: Foul Ball, location: 9LDF
0-1: Ball
1-1: Ball
2-1: Foul Ball, location: 2F
2-2: Ball
3-2: Fly out, F5 (Line Drive, 5L, EV 65.6 MPH)
Batting: RHB Spencer Knight 0-0: Ball
Luis Cervantes steals 2nd base
1-0: Swinging Strike
1-1: Ball
2-1: Called Strike
Luis Cervantes steals 3rd base (no throw)
2-2: Foul Ball, location: 9LDF
2-2: Strikes out swinging
Batting: RHB Zong-yuan Yue 0-0: Ball
1-0: Fly out, F9 (Flyball, 9D, EV 110.6 MPH)
Top of the 1st over - 0 runs, 0 hits, 0 errors, 1 left on base; Pittsburgh 0 - St. Louis 0
BOTTOM OF THE 1ST
St. Louis Cardinals batting - Pitching for Pittsburgh Pirates : RHP Takeru Kimura
Pitching: RHP Takeru Kimura
Batting: RHB Zg Odhiambo 0-0: Ball
1-0: Ball
2-0: Ball
3-0: Called Strike
3-1: Base on Balls
Batting: LHB Steve Rivera 0-0: Ball
1-0: Ball
2-0: Ball
3-0: Called Strike
3-1: Foul Ball, location: 9LSF
3-2: Strikes out swinging
Zg Odhiambo steals 2nd base
Batter strikes out.
Batting: RHB Leland Vogler 0-0: Called Strike
0-1: Ball
1-1: Foul Ball, location: 5FF
1-2: Ground out 5-3 (Groundball, 56S, EV 76.3 MPH)
Zg Odhiambo to third
Batting: SHB Emiliano Girometta 0-0: Ball
1-0: Called Strike
1-1: Swinging Strike
1-2: Strikes out swinging
Bottom of the 1st over - 0 runs, 0 hits, 0 errors, 1 left on base; Pittsburgh 0 - St. Louis 0
TOP OF THE 2ND
Pittsburgh Pirates batting - Pitching for St. Louis Cardinals : RHP Andrés Jaramillo
Batting: RHB George Alexander 0-0: Ball
1-0: Ball
2-0: Called Strike
2-1: Foul Ball, location: 2F
2-2: SINGLE (Line Drive, 9S, EV 93.1 MPH)
Batting: LHB John Fulton 0-0: Ball
1-0: Foul Ball, location: 7LMF
1-1: Ball
2-1: SINGLE (Line Drive, 56, EV 96.9 MPH)
George Alexander to second
Batting: RHB Jorge Medina 0-0: Called Strike
0-1: Ball
1-1: Fly out, F8 (Flyball, 8RXD, EV 105.0 MPH)
Runner from 2nd tags up, SAFE at 3rd, no throw by CF
Batting: SHB Juan Baca 0-0: Ball
1-0: Ball
2-0: Fly out, F8 (Flyball, 8RD, EV 86.9 MPH)
Runner from 3rd tags up, OUT at HOME! 8-2
Top of the 2nd over - 0 runs, 2 hits, 0 errors, 1 left on base; Pittsburgh 0 - St. Louis 0
BOTTOM OF THE 2ND
St. Louis Cardinals batting - Pitching for Pittsburgh Pirates : RHP Takeru Kimura
Batting: LHB Jeremy Dalton 0-0: Ball
1-0: Foul Ball, location: 7LSF
1-1: Foul Ball, location: 2F
1-2: Ball
2-2: Ball
3-2: Strikes out swinging
Pitching: RHP Bill Day
Batting: RHB Ric Hodges 0-0: Called Strike
0-1: Foul Ball, location: 3SF
0-2: Ball
1-2: Foul Ball, location: 2F
1-2: Fly out, F8 (Flyball, 8RD, EV 107.5 MPH)
Batting: LHB Víctor Becerra 0-0: Called Strike
0-1: SINGLE (Groundball, 34D, EV 105.6 MPH)
Batting: RHB David Stevens 0-0: Ball
1-0: Ball
2-0: Ball
3-0: Called Strike
3-1: Called Strike
3-2: Fly out, F8 (Line Drive, 8LD, EV 92.5 MPH)
Bottom of the 2nd over - 0 runs, 1 hit, 0 errors, 1 left on base; Pittsburgh 0 - St. Louis 0
TOP OF THE 3RD
Pittsburgh Pirates batting - Pitching for St. Louis Cardinals : RHP Andrés Jaramillo
Batting: LHB Lúcio Rivera 0-0: Ball
1-0: Foul Ball, location: 7LDF
1-1: Foul Ball, location: 5DF
1-2: Fly out, F5 (Popup, 5F, EV 70.6 MPH)
Batting: RHB Luis Cervantes 0-0: Foul Ball, location: 2F
0-1: Ground out U3 (Groundball, 34S, EV 86.3 MPH)
Batting: LHB Kirila Naretha 0-0: Ball
1-0: Swinging Strike
1-1: Fly out, F5 (Popup, 5SF, EV 83.1 MPH)
Top of the 3rd over - 0 runs, 0 hits, 0 errors, 0 left on base; Pittsburgh 0 - St. Louis 0
BOTTOM OF THE 3RD
St. Louis Cardinals batting - Pitching for Pittsburgh Pirates : RHP Bill Day
Batting: RHB Armando Gómez 0-0: Swinging Strike
0-1: Foul Ball, location: 2RF
0-2: Ball
1-2: Strikes out swinging
Batting: RHB Zg Odhiambo 0-0: Ball
1-0: Ball
2-0: Fly out, F8 (Flyball, 8RS, EV 92.5 MPH)
Batting: LHB Steve Rivera 0-0: Ball
1-0: Called Strike
1-1: Ball
2-1: Ground out 4-3 (Groundball, 4, EV 102.5 MPH)
Bottom of the 3rd over - 0 runs, 0 hits, 0 errors, 0 left on base; Pittsburgh 0 - St. Louis 0
TOP OF THE 4TH
Pittsburgh Pirates batting - Pitching for St. Louis Cardinals : RHP Andrés Jaramillo
Batting: RHB Spencer Knight 0-0: Ball
1-0: Foul Ball, location: 2F
1-1: Swinging Strike
1-2: Fly out, F6 (Popup, 6MS, EV 63.8 MPH)
Batting: RHB Zong-yuan Yue 0-0: Ball
1-0: Ball
2-0: Called Strike
2-1: Foul Ball, location: 2F
2-2: Foul Ball, location: 23FF
2-2: Fly out, F7 (Flyball, 7D, EV 90.0 MPH)
Batting: RHB George Alexander 0-0: Called Strike
0-1: Ball
1-1: Ground out 6-3 (Groundball, 6, EV 80.0 MPH)
Top of the 4th over - 0 runs, 0 hits, 0 errors, 0 left on base; Pittsburgh 0 - St. Louis 0
BOTTOM OF THE 4TH
St. Louis Cardinals batting - Pitching for Pittsburgh Pirates : RHP Bill Day
Batting: RHB Leland Vogler 0-0: Ball
1-0: Called Strike
1-1: Ball
2-1: SINGLE (Groundball, 4MD, EV 103.1 MPH)
Batting: SHB Emiliano Girometta 0-0: SINGLE (Line Drive, 56D, EV 96.3 MPH)
Leland Vogler to second
Batting: LHB Jeremy Dalton 0-0: Foul Ball, location: 5F
0-1: Foul Ball, location: 2F
0-2: Ball
1-2: Strikes out swinging
Batting: RHB Ric Hodges 0-0: Called Strike
0-1: Called Strike
0-2: Strikes out swinging
Batting: LHB Víctor Becerra 0-0: Foul Ball, location: 9LDF
0-1: Called Strike
0-2: Ground out U3 (Groundball, 34, EV 90.0 MPH)
Bottom of the 4th over - 0 runs, 2 hits, 0 errors, 2 left on base; Pittsburgh 0 - St. Louis 0
TOP OF THE 5TH
Pittsburgh Pirates batting - Pitching for St. Louis Cardinals : RHP Andrés Jaramillo
Batting: LHB John Fulton 0-0: Ground out 1-3 (Groundball, 13S, EV 75.6 MPH)
Batting: RHB Jorge Medina 0-0: Fly out, F3 (Line Drive, 3, EV 66.9 MPH)
Batting: SHB Juan Baca 0-0: Called Strike
0-1: Foul Ball, location: 5FF
0-2: Ball
1-2: Foul Ball, location: 2F
1-2: Foul Ball, location: 7LDF
1-2: Foul Ball, location: 25F
1-2: Fly out, F7 (Flyball, 7S, EV 91.9 MPH)
Top of the 5th over - 0 runs, 0 hits, 0 errors, 0 left on base; Pittsburgh 0 - St. Louis 0
BOTTOM OF THE 5TH
St. Louis Cardinals batting - Pitching for Pittsburgh Pirates : RHP Bill Day
Batting: RHB David Stevens 0-0: Called Strike
0-1: Ball
1-1: Ground out 4-3 (Groundball, 34, EV 101.3 MPH)
Batting: RHB Armando Gómez 0-0: Ball
1-0: Ground out 6-3 (Groundball, 6S, EV 84.4 MPH)
Batting: RHB Zg Odhiambo 0-0: Ball
1-0: Called Strike
1-1: Ball
2-1: Ball
3-1: Fly out, F9 (Flyball, 9D, EV 95.0 MPH)
Bottom of the 5th over - 0 runs, 0 hits, 0 errors, 0 left on base; Pittsburgh 0 - St. Louis 0
TOP OF THE 6TH
Pittsburgh Pirates batting - Pitching for St. Louis Cardinals : RHP Andrés Jaramillo
Batting: LHB Lúcio Rivera 0-0: Foul Ball, location: 5F
0-1: Ball
1-1: Ball
2-1: Ground out U3 (Groundball, 3, EV 108.8 MPH)
Batting: RHB Luis Cervantes 0-0: Called Strike
0-1: Called Strike
0-2: Strikes out looking
Batting: LHB Kirila Naretha 0-0: Foul Ball, location: 2F
0-1: Ground out U3 (Groundball, 3, EV 80.0 MPH)
Top of the 6th over - 0 runs, 0 hits, 0 errors, 0 left on base; Pittsburgh 0 - St. Louis 0
BOTTOM OF THE 6TH
St. Louis Cardinals batting - Pitching for Pittsburgh Pirates : RHP Bill Day
Batting: LHB Steve Rivera 0-0: Called Strike
0-1: Ball
1-1: Swinging Strike
1-2: Foul Ball, location: 3FF
1-2: Ball
2-2: Foul Ball, location: 2F
2-2: Strikes out looking
Batting: RHB Leland Vogler 0-0: Swinging Strike
0-1: Foul Ball, location: 23F
0-2: Ball
1-2: Foul Ball, location: 2F
1-2: SINGLE (Flyball, 6D, EV 90.6 MPH)
Batting: SHB Emiliano Girometta 0-0: Called Strike
0-1: Foul Ball, location: 7LMF
0-2: Ball
1-2: Ball
2-2: Hit by Pitch
Leland Vogler to second
Batting: LHB Jeremy Dalton 0-0: Called Strike
0-1: Swinging Strike
0-2: Strikes out swinging
Pinch Hitting: LHB Mike Matthews 0-0: Swinging Strike
0-1: Called Strike
0-2: Ball
1-2: Foul Ball, location: 25F
1-2: Foul Ball, location: 2F
1-2: Fly out, F9 (Flyball, 9LS, EV 84.4 MPH)
Bottom of the 6th over - 0 runs, 1 hit, 0 errors, 2 left on base; Pittsburgh 0 - St. Louis 0
TOP OF THE 7TH
Pittsburgh Pirates batting - Pitching for St. Louis Cardinals : RHP Andrés Jaramillo
Now at 3B: Mike Vega
Batting: RHB Spencer Knight 0-0: SOLO HOME RUN (Line Drive, 7D, EV 99.4 MPH), Distance : 383 ft
Batting: RHB Zong-yuan Yue 0-0: Ball
1-0: Ball
2-0: Foul Ball, location: 9LMF
2-1: Foul Ball, location: 5F
2-2: Ball
3-2: Base on Balls
Pitching: RHP Carlos Miranda
Batting: RHB George Alexander 0-0: Called Strike
0-1: Foul Ball, location: 5F
0-2: DOUBLE (Flyball, 8LXD, EV 109.4 MPH)
Zong-yuan Yue to third
Batting: LHB John Fulton 0-0: Swinging Strike
0-1: Ball
1-1: Swinging Strike
1-2: Strikes out looking
Batting: RHB Jorge Medina 0-0: Ball
1-0: Foul Ball, location: 2F
1-1: Swinging Strike
1-2: Ball
2-2: Foul Ball, location: 9LSFF
2-2: Foul Ball, location: 2F
2-2: Strikes out swinging
Batting: SHB Juan Baca 0-0: Foul Ball, location: 7LDF
0-1: Swinging Strike
0-2: Ball
1-2: Strikes out swinging
Top of the 7th over - 1 run, 2 hits, 0 errors, 2 left on base; Pittsburgh 1 - St. Louis 0
BOTTOM OF THE 7TH
St. Louis Cardinals batting - Pitching for Pittsburgh Pirates : RHP Bill Day
Batting: LHB Víctor Becerra 0-0: Ball
1-0: Ball
2-0: Called Strike
2-1: Foul Ball, location: 2F
2-2: Ball
3-2: Foul Ball, location: 25F
3-2: Foul Ball, location: 7LSF
3-2: Base on Balls
Batting: RHB David Stevens 0-0: Ball
1-0: Swinging Strike
1-1: Foul Ball, location: 25F
1-2: Ball
2-2: Ball
3-2: Strikes out swinging
Batting: RHB Armando Gómez 0-0: Called Strike
0-1: Fly out, F8 (Flyball, 8RM, EV 91.9 MPH)
Batting: LHB Héctor Reyes 0-0: Ball
1-0: Ball
2-0: Ball
3-0: Called Strike
3-1: Called Strike
3-2: SINGLE (Flyball, 56D, EV 94.4 MPH)
Víctor Becerra to second
Víctor Becerra to third
Batting: LHB Steve Rivera 0-0: Ball
1-0: Called Strike
1-1: Ball
2-1: Hit by Pitch
Héctor Reyes to second
Batting: RHB Leland Vogler 0-0: Ball
1-0: Foul Ball, location: 9LMF
1-1: Ball
2-1: Ball
3-1: SINGLE (Groundball, 6MD, EV 97.5 MPH)
Víctor Becerra scores
Héctor Reyes to third
Steve Rivera to second
Runner from 3rd tries for Home, SAFE, throw by CF to home
Batting: SHB Emiliano Girometta 0-0: Ball
1-0: Foul Ball, location: 5DF
1-1: Swinging Strike
1-2: Strikes out swinging
Bottom of the 7th over - 2 runs, 2 hits, 0 errors, 2 left on base; Pittsburgh 1 - St. Louis 2
TOP OF THE 8TH
Pittsburgh Pirates batting - Pitching for St. Louis Cardinals : RHP Carlos Miranda
Batting: LHB Lúcio Rivera 0-0: Ball
1-0: Called Strike
1-1: Called Strike
1-2: Ball
2-2: Strikes out swinging
Batting: RHB Luis Cervantes 0-0: Ball
1-0: Called Strike
1-1: Ball
2-1: Foul Ball, location: 2F
2-2: Ball
3-2: Ground out 6-3 (Groundball, 6, EV 81.3 MPH)
Batting: LHB Kirila Naretha 0-0: Ball
1-0: Ball
2-0: Ball
3-0: Base on Balls
Batting: RHB Spencer Knight 0-0: Called Strike
0-1: Called Strike
0-2: Ball
1-2: Strikes out swinging
Top of the 8th over - 0 runs, 0 hits, 0 errors, 1 left on base; Pittsburgh 1 - St. Louis 2
BOTTOM OF THE 8TH
St. Louis Cardinals batting - Pitching for Pittsburgh Pirates : RHP Bill Day
Pitching: LHP Louis Ferneyhough
Batting: LHB Jeremy Dalton 0-0: Ball
1-0: Ball
2-0: Ball
3-0: Called Strike
3-1: DOUBLE (Flyball, 89XD, EV 95.6 MPH)
Batting: LHB Mike Vega 0-0: Foul Ball, location: 25FF
0-1: Foul Ball, location: 2F
0-2: Ball
1-2: Ground out 3-1 (Groundball, 34, EV 80.0 MPH)
Jeremy Dalton to third
Batting: LHB Víctor Becerra 0-0: Called Strike
0-1: Foul Ball, location: 7LSF
0-2: Ball
1-2: Ball
2-2: Ground out 5-3 (Groundball, 5L, EV 93.8 MPH)
Batting: RHB David Stevens 0-0: Foul Ball, location: 2F
0-1: Ball
1-1: Swinging Strike
1-2: Foul Ball, location: 2F
1-2: Ball
2-2: Strikes out swinging
Bottom of the 8th over - 0 runs, 1 hit, 0 errors, 1 left on base; Pittsburgh 1 - St. Louis 2
TOP OF THE 9TH
Pittsburgh Pirates batting - Pitching for St. Louis Cardinals : RHP Carlos Miranda
Pitching: RHP Eitoku Kishita
Batting: RHB Zong-yuan Yue 0-0: Foul Ball, location: 3F
0-1: Foul Ball, location: 5FF
0-2: Foul Ball, location: 2RF
0-2: Ball
1-2: Strikes out looking
Batting: RHB George Alexander 0-0: Called Strike
0-1: Called Strike
0-2: Strikes out swinging
Batting: LHB John Fulton 0-0: Ball
1-0: Foul Ball, location: 3FF
1-1: Foul Ball, location: 2F
1-2: Ground out 5-3 (Groundball, 6, EV 86.9 MPH)
Top of the 9th over - 0 runs, 0 hits, 0 errors, 0 left on base; Pittsburgh 1 - St. Louis 2
Monday, April 8th , 2024 - OOTP Baseball 24.10 Build 82